[Event "FIDE U16 Olympiad_boards_81-124"]
[Site "Eindhoven, Netherlands"]
[Date "2023.08.13"]
[Round "1.27"]
[White "Govender, Keniesha"]
[Black "Boci, Mateo"]
[Result "0-1"]
[TimeControl "45min+10sec"]
[WhiteElo "1210"]
[BlackElo "1944"]

1. d4 Nf6 2. Nf3 e6 3. g3 d5 4.
Bg2 Bd6 5. O-O O-O 6. c4 b6 7. cxd5 exd5 8. Nc3 c6 9. a3 Bf5 10. Nh4 Bg4 11. Qc2 Bh5 12. Bg5 Be7 13. Nf5 Bg6 14.
Nxe7+ Qxe7 15. Qd2 Nbd7 16. Rfe1 h6 17. Bxf6 Nxf6 18. f3 c5 19. e4 cxd4 20. Qxd4 dxe4 21. Nxe4 Nxe4 22. fxe4 Rfd8 23. Qe3 Rac8 24. Rac1 Rxc1 25. Rxc1 Qe5 26. Qe2 Kh7 27.
Re1 Rd4 28. Qe3 Rd8 29. Qe2 Qg5 30.
Qe3 Qxe3+ 31. Rxe3 Rd2 32. b3 a5 33. Kf1 f6 34. a4 Rb2 35. Rc3 Bf7 36. Re3 Rxb3 37. Re2 Bc4 0-1

[Event "FIDE U16 Olympiad_boards_81-124"]
[Site "Eindhoven, Netherlands"]
[Date "2023.08.13"]
[Round "1.28"]
[White "Omeri, Eklea"]
[Black "Matshego, Thato"]
[Result "1-0"]
[TimeControl "45min+10sec"]
[WhiteElo "1746"]
[BlackElo "1150"]

1. d4 d5 2. c4 c6 3. Nc3 Nf6 4. Nf3 dxc4 5. a4 Bf5 6. e3 e6 7. Bxc4 Bb4 8. Qb3 a5 9. O-O O-O 10. Na2 Qe7 11. Nxb4 axb4 12.
Bd2 c5 13. dxc5 Qxc5 14. Bxb4 Bc2 15. Bxc5 Bxb3 16. Bxb3 Rc8 17. Rac1 Nc6 18. Nd4 Ne5 19. Ba3 Ne4 20. Rxc8+ Rxc8 21.
Rd1 h6 22. Nxe6 Nc4 23. Bxc4 Rxc4 24. Nd4 Rxa4 25. f3 Nc3 26. bxc3 Rxa3 27. Rc1 Kf8 28. Kf2 Ke7 29. Ke2 Ra2+ 30.
Rc2 Ra3 31. Kd3 Kf6 32. Rb2 Ra6 33. Rxb7 Ra2 34. Rb6+ Kg5 35. Ne2 Ra1 36. g3 f6 37. Nf4 Ra5 38. h4+ Kf5 39. e4+ 1-0

[Event "FIDE U16 Olympiad_boards_81-124"]
[Site "Eindhoven, Netherlands"]
[Date "2023.08.13"]
[Round "1.30"]
[White "Chao, Tzu-Yi Anderson"]
[Black "Pedmanson, Albert"]
[Result "0-1"]
[TimeControl "45min+10sec"]
[WhiteElo "1347"]
[BlackElo "1882"]

1. e4 e5 2. Nf3 Nc6 3. Bc4 Nf6 4. d3 Bc5 5. c3 d6 6.
O-O O-O 7. Re1 h6 8. h3 Bb6 9. Nbd2 Ne7 10. Nf1 Ng6 11. Ng3 Re8 12. b4 c6 13. a4 d5 14. Bb3 Bc7 15. Be3 Be6 16. Qc2 Nh7 17. Rad1 Nh4 18. Nxh4 Qxh4 19. Qe2 Rad8 20. Bc1 Bb6 21.
Nh1 Ng5 22. Bxg5 Qxg5 23. Kf1 h5 24. a5 Bc7 25. Qe3 Qf6 26. Qe2 h4 27. Bc2 d4 28. c4 c5 29. Ba4 Re7 30. Qd2 cxb4 31.
Qxb4 Rd6 32. Bb5 Bxh3 33. gxh3 Qf3 34. c5 Rf6 35. c6 Bd6 36. Qb2 Qxh1+ 37. Ke2 Rxf2+ 38. Kxf2 Qh2+ 39. Kf1 Qxb2 40. Rb1 Qh2 0-1

[Event "FIDE U16 Olympiad_boards_81-124"]
[Site "Eindhoven, Netherlands"]
[Date "2023.08.13"]
[Round "1.31"]
[White "Mikko, Rondo"]
[Black "Hsu, Che"]
[Result "1-0"]
[TimeControl "45min+10sec"]
[WhiteElo "2169"]
[BlackElo "1374"]

1. Nf3 d5 2. d4 Nf6 3. Bf4 Bf5 4. e3 e6 5. Nbd2 Bd6 6. Bxd6 Qxd6 7. c4 c6 8. Be2 Nbd7 9. Rc1 O-O 10.
O-O h6 11. Qb3 Rab8 12. Qa4 a6 13. Qa3 Qxa3 14. bxa3 Ne4 15. c5 Bg4 16. Nb3 Ng5 17. h4 Nxf3+ 18. gxf3 Bh3 19. Rfe1 Bf5 20. Na5 g5 21. hxg5 hxg5 22.
Rc3 Kg7 23. Kg2 Rh8 24. Rh1 Rxh1 25. Kxh1 Bb1 26. Rb3 Bxa2 27. Rb2 Bc4 28. Bxc4 dxc4 29. Nxc4 Kf6 30. Na5 b6 31. Nxc6 Rh8+ 32. Kg2 bxc5 33.
Rb7 Rc8 34. Na5 Ke7 35. Nc4 cxd4 36. Ne5 1-0

[Event "FIDE U16 Olympiad_boards_81-124"]
[Site "Eindhoven, Netherlands"]
[Date "2023.08.13"]
[Round "1.32"]
[White "Wang, Yushin Andrea"]
[Black "Pool, Linda Maria"]
[Result "1-0"]
[TimeControl "45min+10sec"]
[WhiteElo "1186"]
[BlackElo "1428"]

1. e4 e6 2. Nf3 d5 3. Nc3 Nf6 4.
e5 Nfd7 5. d4 c5 6. dxc5 Bxc5 7. Bd3 Nc6 8. Bf4 a6 9. O-O h6 10. Qe2 Nb4 11. a3 Nxd3 12. Qxd3 O-O 13. Rad1 b5 14.
Be3 Bb7 15. Bxc5 Nxc5 16. Qd4 Rc8 17. Rfe1 Qc7 18. Re3 Rfd8 19. Qg4 Nd7 20. Rd4 Nf8 21. Nh4 Qe7 22. Rg3 g6 23. f4 Kh7 24. f5 exf5 25. Nxf5 Qxe5 26. Rf4 Ne6 27. Qh4 gxf5 28.
Qxh6+ Kxh6 29. Rh4# 1-0

[Event "FIDE U16 Olympiad_boards_81-124"]
[Site "Eindhoven, Netherlands"]
[Date "2023.08.13"]
[Round "1.33"]
[White "Sacco, Isaac"]
[Black "Hobson, Kenneth"]
[Result "0-1"]
[TimeControl "45min+10sec"]
[WhiteElo "1272"]
[BlackElo "1851"]

1. e4 e5 2. Nf3 Nc6 3. Bc4 Nf6 4.
d4 exd4 5. O-O Nxe4 6. Re1 d5 7. Bxd5 Qxd5 8. Nc3 Qh5 9. Nxe4 Be6 10. Nxd4 Qxd1 11. Rxd1 O-O-O 12. Be3 Nxd4 13. Bxd4 Bd5 14.
Nc3 Bc6 15. Bxa7 Rxd1+ 16. Rxd1 b6 17. a4 Kb7 18. a5 Kxa7 19. axb6+ cxb6 20. Rd8 g6 21. b4 Bg7 22. Rd3 Re8 23.
Kf1 Bxc3 24. Rxc3 Bb5+ 25. Rd3 Bxd3+ 26. cxd3 Ka6 27. g4 Kb5 28. f4 Kxb4 29. h4 Kc3 30. g5 Kxd3 31. Kg2 Ke3 32. Kg3 b5 33. Kg4 b4 34.
f5 gxf5+ 35. Kxf5 b3 36. Kf6 b2 37. Kxf7 Rb8 38. h5 b1=Q 39. Kg7 Qf5 40. g6 Qf8+ 41. Kxh7 Qh8# 0-1

[Event "FIDE U16 Olympiad_boards_81-124"]
[Site "Eindhoven, Netherlands"]
[Date "2023.08.13"]
[Round "1.34"]
[White "Khoury, Theo"]
[Black "Ellul, Nicole"]
[Result "1-0"]
[TimeControl "45min+10sec"]
[WhiteElo "1865"]
[BlackElo "1251"]

1. e4 g6 2. d4 Bg7 3. Nf3 d6 4. c3 Nf6 5. Bd3 Nbd7 6. O-O e5 7. Re1 O-O 8. Nbd2 Qe7 9. Nf1 c5 10.
Bg5 b6 11. Qd2 Ne8 12. Bxe7 1-0

[Event "FIDE U16 Olympiad_boards_81-124"]
[Site "Eindhoven, Netherlands"]
[Date "2023.08.13"]
[Round "1.36"]
[White "Rida, Ruqayyah"]
[Black "Gauci, Andre"]
[Result "1-0"]
[TimeControl "45min+10sec"]
[WhiteElo "1765"]
[BlackElo "1277"]

1. e4 c5 2. Nf3 d6 3. d4 cxd4 4.
Nxd4 Nf6 5. Nc3 g6 6. Be3 Bg7 7. f3 O-O 8. Qd2 Nc6 9. O-O-O Bd7 10. h4 Rb8 11. g4 b5 12. h5 Ne5 13.
Bh6 Nc4 14. Bxc4 bxc4 15. Bxg7 Kxg7 16. Nd5 Rh8 17. Nxf6 exf6 18. Qc3 Qb6 19. g5 Rb7 20. Nf5+ Bxf5 21. Qxf6+ Kg8 22. h6 Qe3+ 23.
Kb1 Kf8 24. Qd8# 1-0

[Event "FIDE U16 Olympiad_boards_81-124"]
[Site "Eindhoven, Netherlands"]
[Date "2023.08.13"]
[Round "1.37"]
[White "Ritzerveld, Noah"]
[Black "Dokoria, Daniel"]
[Result "1-0"]
[TimeControl "45min+10sec"]
[WhiteElo "1959"]
[BlackElo "1252"]

1. e4 e5 2. Nf3 Nc6 3. Bc4 Bc5 4. c3 Nf6 5. d4 exd4 6. e5 Ng4 7. cxd4 Be7 8. h3 Nh6 9. O-O d5 10.
Bb5 Bd7 11. Nc3 a6 12. Bd3 Bf5 13. Bxh6 Bxd3 14. Qxd3 gxh6 15. Qf5 Bb4 16. e6 fxe6 17. Qxe6+ Qe7 18. Qxd5 Rd8 19. Qh5+ Qf7 20.
Rfe1+ Kf8 21. Qxh6+ Kg8 22. Ng5 Qg6 23. Qxg6+ hxg6 24. Re6 Kg7 25. a3 Bxc3 26. bxc3 Rde8 27. Rae1 Rxe6 28. Nxe6+ 1-0

[Event "FIDE U16 Olympiad_boards_81-124"]
[Site "Eindhoven, Netherlands"]
[Date "2023.08.13"]
[Round "1.39"]
[White "Zecha, Oscar"]
[Black "Kiwanuka, Ssubi"]
[Result "1-0"]
[TimeControl "45min+10sec"]
[WhiteElo "1867"]
[BlackElo "1324"]

1. e4 e5 2. Nf3 Nf6 3. Nxe5 d6 4. Nf3 Nxe4 5. Nc3 Nxc3 6. dxc3 Bg4 7. h3 Bh5 8. Qd5 Bg6 9. Qxb7 Nd7 10.
Bb5 Bf5 11. O-O Be7 12. Nd4 Be6 13. Nc6 Qc8 14. Qxc8+ Rxc8 15. Ba6 Bc4 16. Bxc4 Kf8 17. Re1 Bf6 18. Bf4 Nb6 19. Bb5 Nd5 20.
Bd2 Ra8 21. Nxa7 Rxa7 22. Re8# 1-0

[Event "FIDE U16 Olympiad_boards_81-124"]
[Site "Eindhoven, Netherlands"]
[Date "2023.08.13"]
[Round "1.40"]
[White "Hailey, Nio Mitchelle"]
[Black "Westerhof, Fleur"]
[Result "0-1"]
[TimeControl "45min+10sec"]
[WhiteElo "1052"]
[BlackElo "1793"]

1. d4 d5 2. Nf3 Nf6 3. Bf4 e6 4. e3 Bd6 5. Bxd6 Qxd6 6. Nbd2 O-O 7. Be2 c5 8. c3 Nc6 9. O-O a6 10.
Re1 e5 11. dxe5 Nxe5 12. Nxe5 Qxe5 13. Nf3 Qe7 14. c4 dxc4 15. Bxc4 b5 16. Be2 Bf5 17. Nh4 Be4 18. Bf3 Rad8 19.
Qc1 Nd5 20. Bxe4 Qxe4 21. Nf3 Nb4 22. Rd1 Nd3 23. Qc2 c4 24. b3 Rc8 25. Nd2 Qf5 26. Rf1 Qg6 27. bxc4 Rfd8 28. Qb3 Nc5 29.
Qb4 Nd3 30. Qc3 bxc4 31. Nxc4 Qe6 32. Qb3 Qxc4 33. Qxc4 Rxc4 34. Rab1 Rdc8 35. Rfd1 Rc1 36. Rbxc1 Rxc1 37. Rxc1 Nxc1 38.
Kf1 Nxa2 39. Ke2 Nb4 40. Kd2 Kf8 41. Kc3 a5 42. Kb3 Ke7 43. Ka4 Nd3 44. f4 Ne1 45. g3 Ng2 46. e4 Ne3 47.
Kxa5 Nf1 48. g4 Nxh2 49. g5 Nf1 50. Kb5 Ng3 51. e5 Ne2 52. f5 Nd4+ 53. Kc5 Nxf5 54. Kd5 Ne3+ 55. Ke4 Ng2 56.
Kf5 g6+ 57. Kg4 Ke6 58. Kf3 Kxe5 59. Kxg2 Kf5 60. Kg3 Kxg5 61. Kf3 h5 62. Kg3 f5 63. Kf3 h4 64. Kg2 Kg4 65. Kh2 f4 66.
Kg2 f3+ 67. Kf2 h3 68. Kg1 Kg3 69. Kh1 g5 70. Kg1 f2+ 71. Kf1 h2 72. Ke2 h1=Q 73. Ke3 Qe1+ 74. Kd3 f1=R 75. Kd4 Rf4+ 76.
Kd3 Qe4+ 77. Kc3 Rf3+ 78. Kd2 Qd3+ 79. Ke1 Rf1# 0-1

[Event "FIDE U16 Olympiad_boards_81-124"]
[Site "Eindhoven, Netherlands"]
[Date "2023.08.13"]
[Round "1.41"]
[White "Sinton, Luc"]
[Black "Elias, David"]
[Result "0-1"]
[TimeControl "45min+10sec"]
[WhiteElo "1093"]
[BlackElo "1884"]

1. d4 Nf6 2. Bf4 e6 3. Nf3 c5 4. e3 d5 5. Bb5+ Bd7 6. Bxd7+ Qxd7 7. Nc3 Nc6 8. Nb5 Rc8 9. Ne5 Nxe5 10.
dxe5 Qxb5 11. exf6 gxf6 12. b3 Rg8 13. Qd3 Qxd3 14. cxd3 Kd7 15. Rc1 h5 16. e4 e5 17. Bg3 Ke6 18.
O-O Bh6 19. exd5+ Kxd5 20. Rc4 Rg4 21. Rd1 Rd4 22. f3 b5 23. Rxd4+ cxd4 24. Bh4 Rc2 25. Bxf6 Rxa2 26. Rc1 Bxc1 0-1